Canadiens vs Panthers

Created - February-05-14 at 18:40

Goals
1 2 3 T
Canadiens 1 1 0 2
Panthers 2 0 2 4
Shots
1 2 3 T
Canadiens 5 8 8 21
Panthers 5 7 19 31

1st period

1. Panthers , Patrick Dwyer 11 (Tomas Kaberle, Alexander Sulzer) at 4:23
2. Canadiens , Mike Weber 5 (John Mitchell, Sven Baertschi) at 11:44
3. Panthers , Mike Ribeiro 18 (Derek Meech, David Booth) at 13:52 (PP)

Penalties :
Alexander Sulzer (FLA) for Tripping (Minor) at 1:47, Eric Nystrom (MTL) for Tripping (Minor) at 1:47, Michal Rozsival (MTL) for Interference (Minor) at 12:00, David Booth (FLA) for Tripping (Minor) at 14:57, Tom Gilbert (FLA) for Interference (Minor) at 18:57

2nd period

4. Canadiens , Dave Bolland 8 (Travis Hamonic, Eric Nystrom) at 6:24

Penalties :
Mike Weber (MTL) for High sticking (Minor) at 7:30, Eric Nystrom (MTL) for Holding (Minor) at 14:48, Tomas Kaberle (FLA) for Boarding (Minor) at 17:07, Jordan Eberle (MTL) for Tripping (Minor) at 17:07

3rd period

5. Panthers , Mats Zuccarello 6 (Alexander Sulzer) at 13:20
6. Panthers , Mike Ribeiro 19 (Alexander Sulzer, Patrick Bordeleau) at 15:27 (PP)

Penalties :
Mike Weber (MTL) for Cross-checking (Minor) at 1:56, Tim Erixon (FLA) for Hooking (Minor) at 7:50, Pavel Datsyuk (MTL) for Slashing (Minor) at 13:48

Goalie Stats

Craig Anderson (MTL), 27 saves from 31 shots - (0.871), L, 22-14-4, 60:00 minutes
Jhonas Enroth (FLA), 19 saves from 21 shots - (0.905), W, 8-12-1, 60:00 minutes

Players Stats for Canadiens

Player Name              G  A  P  +/- PIM S  H  SB GA TA FO     MP     PP MP  PK MP  
------------------------------------------------------------------------------------
Brooks Orpik             0  0  0  -1  0   1  3  4  0  0  0/0    21:55   0:00   5:38 
Cam Fowler               0  0  0   0  0   1  0  3  0  0  0/0    18:20   0:00   2:08 
Corey Perry              0  0  0   0  0   1  2  1  0  0  1/2    21:39   2:10   6:07 
Dave Bolland             1  0  1   0  0   1  0  0  0  0  7/14   12:42   0:00   1:04 
Eric Nystrom             0  1  1   0  4   2  3  0  0  0  4/11   15:42   0:00   4:53 
Joffrey Lupul            0  0  0  -1  0   1  3  0  0  0  0/2    20:10   3:47   0:49 
John Mitchell            0  1  1   1  0   0  1  0  0  0  0/4     5:58   0:00   2:32 
Jonathan Toews           0  0  0   0  0   2  0  0  0  0  12/20  17:53   2:10   0:59 
Jordan Eberle            0  0  0  -1  2   1  0  0  0  0  0/3    19:13   3:47   0:00 
Mark Fistric             0  0  0   0  0   1  1  0  0  0  0/0    12:03   3:29   0:00 
Mason Raymond            0  0  0   0  0   1  0  0  0  0  0/0    10:51   0:00   0:00 
Michal Rozsival          0  0  0   0  2   1  2  1  0  0  0/0    20:43   2:28   2:58 
Mike Weber               1  0  1   1  4   2  4  0  0  0  0/0    15:11   0:00   2:29 
Pavel Datsyuk            0  0  0  -1  2   3  1  1  0  0  10/21  18:43   3:47   0:00 
Sven Baertschi           0  1  1   1  0   1  0  0  0  0  0/2    17:41   2:10   0:00 
T.J. Brennan             0  0  0   1  0   0  0  0  0  0  0/0     8:45   2:28   0:00 
Taylor Pyatt             0  0  0   1  0   0  2  1  0  0  0/0     5:58   0:00   2:32 
Travis Hamonic           0  1  1  -1  0   2  1  1  0  0  0/0    23:00   3:29   5:43 

Players Stats for Panthers

Player Name              G  A  P  +/- PIM S  H  SB GA TA FO     MP     PP MP  PK MP  
------------------------------------------------------------------------------------
Alexander Sulzer         0  3  3   1  2   0  2  1  0  0  0/0    19:46   4:28   0:00 
Cory Emmerton            0  0  0   0  0   3  0  0  0  0  4/8    13:02   4:12   2:21 
Damien Brunner           0  0  0  -2  0   1  0  0  0  0  0/0     9:24   0:00   0:00 
Darren Helm              0  0  0  -2  0   0  0  0  0  0  8/10   10:04   0:00   0:40 
David Booth              0  1  1   0  2   1  1  0  0  0  0/1    17:01   5:16   2:34 
Derek Meech              0  1  1  -1  0   2  2  0  0  0  0/0    20:02   5:00   2:30 
Jiri Hudler              0  0  0  -2  0   0  0  0  0  0  1/1     9:24   0:00   0:00 
Mats Zuccarello          1  0  1   1  0   4  0  0  0  0  0/0    14:28   0:00   0:00 
Matt Beleskey            0  0  0   1  0   2  4  0  0  0  2/3    21:11   4:04   1:24 
Matthew Lombardi         0  0  0   1  0   2  0  0  0  0  8/16   15:47   0:00   1:19 
Mike Ribeiro             2  0  2   0  0   4  0  0  0  0  9/17   13:00   5:16   0:00 
Niklas Kronwall          0  0  0  -1  0   1  3  0  0  0  0/0    18:23   0:42   3:20 
Patrick Bordeleau        0  1  1   1  0   1  3  0  0  0  0/0    15:32   5:16   0:00 
Patrick Dwyer            1  0  1   1  0   6  0  0  0  0  0/0    14:28   4:12   0:00 
Scott Gomez              0  0  0   1  0   0  0  0  0  0  13/23  16:43   0:08   3:36 
Tim Erixon               0  0  0   0  2   2  2  0  0  0  0/0    21:23   4:26   2:03 
Tom Gilbert              0  0  0   0  2   2  1  4  0  0  0/0    22:08   4:20   0:56 
Tomas Kaberle            0  1  1   1  2   0  1  1  0  0  0/0    18:14   0:00   3:05 

3 Stars

1 - Mike Ribeiro (FLA)
2 - Alexander Sulzer (FLA)
3 - Patrick Dwyer (FLA)

Power Play

Canadiens - 0 on 3 Attempt(s) - 0.00%
Panthers - 2 on 5 Attempt(s) - 40.00%

Penalty Kill

Canadiens - 3 on 5 Attempt(s) - 60.00% - Score 0 goal in Penalty Kill
Panthers - 3 on 3 Attempt(s) - 100.00% - Score 0 goal in Penalty Kill

Official

Referees : Tim Peel and Kelly Sutherland
Linesman : Derek Amell and Matt MacPherson

Game Notes

No Game Note

Finance

Level 1 -- Attendance: 4566 (76.10%) -- Ticket Income $502,260
Level 2 -- Attendance: 3962 (79.24%) -- Ticket Income $316,960
Level 3 -- Attendance: 2991 (85.46%) -- Ticket Income $149,550
Level 4 -- Attendance: 2572 (68.59%) -- Ticket Income $77,160
Luxury Box -- Attendance: 901 (90.10%) -- Ticket Income $184,705
Game was played at the BankAtlantic Center
Total Attendance: 14992 (77.88%)
Total Ticket Income: $1,230,635
Other Income: $184,595
Total Income: $1,415,230


% Time on Ice - Canadiens

Lines # - Real PCT - Wanted PCT - Time Play
Normal Forward
1 - 30% - 33% - 12:05
2 - 35% - 32% - 14:15
3 - 27% - 22% - 10:51
4 - 8% - 13% - 3:26
Normal Defense
1 - 33% - 37% - 13:27
2 - 36% - 36% - 14:26
3 - 15% - 14% - 6:17
4 - 16% - 13% - 6:27
PP Forward
1 - 36% - 51% - 2:10
2 - 64% - 49% - 3:47
PP Defense
1 - 41% - 50% - 2:28
2 - 59% - 50% - 3:29
PK Forward
1 - 73% - 60% - 6:56
2 - 27% - 40% - 2:32
PK Defense
1 - 58% - 60% - 5:30
2 - 42% - 40% - 3:58
PK3 Forward
1 - 0% - 60%
2 - 0% - 40%
PK3 Defense
1 - 0% - 60%
2 - 0% - 40%
44 Forward
1 - 80% - 60% - 3:11
2 - 20% - 40% - 0:47
44 Defense
1 - 47% - 60% - 1:51
2 - 53% - 40% - 2:07
Last Minute Offensive  - 0:00
Last Minute Defensive  - 0:00
Total
Forward - 60:00
Defense - 60:00

% Time on Ice - Panthers

Lines # - Real PCT - Wanted PCT - Time Play
Normal Forward
1 - 36% - 38% - 14:28
2 - 25% - 25% - 10:16
3 - 23% - 20% - 9:24
4 - 16% - 17% - 6:29
Normal Defense
1 - 38% - 40% - 15:19
2 - 31% - 35% - 12:46
3 - 17% - 15% - 7:04
4 - 13% - 10% - 5:28
PP Forward
1 - 56% - 60% - 5:16
2 - 44% - 40% - 4:12
PP Defense
1 - 53% - 60% - 5:00
2 - 47% - 40% - 4:28
PK Forward
1 - 76% - 60% - 4:33
2 - 24% - 40% - 1:24
PK Defense
1 - 41% - 60% - 2:26
2 - 59% - 40% - 3:31
PK3 Forward
1 - 0% - 60%
2 - 0% - 40%
PK3 Defense
1 - 0% - 60%
2 - 0% - 40%
44 Forward
1 - 68% - 60% - 2:43
2 - 32% - 40% - 1:15
44 Defense
1 - 54% - 60% - 2:09
2 - 46% - 40% - 1:49
Last Minute Offensive  - 0:00
Last Minute Defensive  - 0:00
Total
Forward - 60:00
Defense - 60:00

Play by Play

1st period


0:01 of 1st period - Jonathan Toews wins face-off versus Matt Beleskey in neutral zone.
1:00 of 1st period - Shot by Patrick Dwyer.
1:00 of 1st period - Stopped by Craig Anderson without a rebound.
1:01 of 1st period - Darren Helm wins face-off versus Jordan Eberle in Canadiens zone.
1:31 of 1st period - Icing by Pavel Datsyuk.
1:32 of 1st period - Pavel Datsyuk wins face-off versus Mike Ribeiro in Canadiens zone.
1:45 of 1st period - Shot by Pavel Datsyuk.
1:45 of 1st period - Stopped by Jhonas Enroth without a rebound.
1:46 of 1st period - Dave Bolland wins face-off versus Scott Gomez in Panthers zone.
1:46 of 1st period - Dave Bolland is hit by Alexander Sulzer.
1:47 of 1st period - Minor Penalty to Alexander Sulzer for Tripping.
1:47 of 1st period - Minor Penalty to Eric Nystrom for Tripping.
1:48 of 1st period - Scott Gomez wins face-off versus Jordan Eberle in Panthers zone.
2:15 of 1st period - Shot by David Booth.
2:15 of 1st period - Shot Blocked by Cam Fowler.
2:25 of 1st period - Shot by Scott Gomez.
2:25 of 1st period - Shot Blocked by Cam Fowler.
3:39 of 1st period - Shot by Dave Bolland.
3:39 of 1st period - Shot Blocked by Tom Gilbert.
3:41 of 1st period - Shot by Joffrey Lupul.
3:41 of 1st period - Shot Misses the Net.
3:50 of 1st period - Icing by Alexander Sulzer.
3:51 of 1st period - Darren Helm wins face-off versus John Mitchell in Panthers zone.
3:51 of 1st period - Darren Helm is hit by Taylor Pyatt.
4:07 of 1st period - Shot by Mike Weber.
4:07 of 1st period - Stopped by Jhonas Enroth without a rebound.
4:08 of 1st period - Dave Bolland wins face-off versus Scott Gomez in Panthers zone.
4:21 of 1st period - Shot by Patrick Dwyer.
4:21 of 1st period - Stopped by Craig Anderson with a rebound.
4:23 of 1st period - Shot by Patrick Dwyer.
4:23 of 1st period - Goal by Patrick Dwyer - Canadiens : 0 - Panthers : 1.
4:24 of 1st period - Darren Helm wins face-off versus Jonathan Toews in neutral zone.
5:19 of 1st period - Off-side.
5:20 of 1st period - Pavel Datsyuk wins face-off versus Matthew Lombardi in neutral zone.
6:21 of 1st period - Brooks Orpik is hit by Tom Gilbert and loses puck.
6:53 of 1st period - Michal Rozsival is hit by Tim Erixon and loses puck.
7:21 of 1st period - Icing by Eric Nystrom.
7:22 of 1st period - Dave Bolland wins face-off versus Scott Gomez in Canadiens zone.
7:22 of 1st period - Dave Bolland is hit by Patrick Bordeleau.
8:13 of 1st period - Shot by Corey Perry.
8:13 of 1st period - Stopped by Jhonas Enroth without a rebound.
8:14 of 1st period - Matthew Lombardi wins face-off versus Pavel Datsyuk in Panthers zone.
8:20 of 1st period - Matt Beleskey is hit by Brooks Orpik and loses puck.
9:13 of 1st period - Shot by Mark Fistric.
9:13 of 1st period - Stopped by Jhonas Enroth without a rebound.
9:14 of 1st period - Mike Ribeiro wins face-off versus Corey Perry in Panthers zone.
9:14 of 1st period - Mike Ribeiro is hit by Corey Perry.
10:18 of 1st period - Shot by Scott Gomez.
10:18 of 1st period - Shot Misses the Net.
10:27 of 1st period - Patrick Bordeleau is hit by Michal Rozsival and loses puck.
10:34 of 1st period - Shot by Patrick Dwyer.
10:34 of 1st period - Stopped by Craig Anderson without a rebound.
10:35 of 1st period - Darren Helm wins face-off versus Pavel Datsyuk in Canadiens zone.
11:39 of 1st period - Sven Baertschi is hit by Alexander Sulzer and loses puck.
11:42 of 1st period - Shot by John Mitchell.
11:42 of 1st period - Shot Misses the Net.
11:44 of 1st period - Shot by Mike Weber.
11:44 of 1st period - Goal by Mike Weber - Canadiens : 1 - Panthers : 1.
11:45 of 1st period - Matthew Lombardi wins face-off versus Dave Bolland in neutral zone.
11:51 of 1st period - Icing by Eric Nystrom.
11:52 of 1st period - Matthew Lombardi wins face-off versus Dave Bolland in Canadiens zone.
12:00 of 1st period - Minor Penalty to Michal Rozsival for Interference.
12:01 of 1st period - Eric Nystrom wins face-off versus Mike Ribeiro in Canadiens zone.
13:04 of 1st period - Shot by Matt Beleskey.
13:04 of 1st period - Shot Blocked by Brooks Orpik.
13:07 of 1st period - Cory Emmerton is hit by Travis Hamonic and loses puck.
13:14 of 1st period - Shot by Alexander Sulzer.
13:14 of 1st period - Shot Misses the Net.
13:52 of 1st period - Shot by Mike Ribeiro.
13:52 of 1st period - Goal by Mike Ribeiro - Canadiens : 1 - Panthers : 2.
13:53 of 1st period - Darren Helm wins face-off versus Pavel Datsyuk in neutral zone.
14:23 of 1st period - Shot by Jiri Hudler.
14:23 of 1st period - Deflect By Damien Brunner.
14:23 of 1st period - Shot Blocked by Pavel Datsyuk.
14:25 of 1st period - Shot by Damien Brunner.
14:25 of 1st period - Deflect By Jiri Hudler.
14:25 of 1st period - Shot Misses the Net.
14:50 of 1st period - Icing by Joffrey Lupul.
14:51 of 1st period - Pavel Datsyuk wins face-off versus Mike Ribeiro in Canadiens zone.
14:57 of 1st period - Minor Penalty to David Booth for Tripping.
14:58 of 1st period - Scott Gomez wins face-off versus Jonathan Toews in Panthers zone.
17:34 of 1st period - Icing by Tom Gilbert.
17:35 of 1st period - Jiri Hudler wins face-off versus John Mitchell in Panthers zone.
17:35 of 1st period - Tom Gilbert is hit by Taylor Pyatt.
17:44 of 1st period - Damien Brunner is hit by Mike Weber and loses puck.
17:55 of 1st period - Derek Meech is hit by John Mitchell and loses puck.
18:57 of 1st period - Minor Penalty to Tom Gilbert for Interference.
18:58 of 1st period - Scott Gomez wins face-off versus Pavel Datsyuk in Panthers zone.
19:04 of 1st period - Icing by Mark Fistric.
19:05 of 1st period - Scott Gomez wins face-off versus Pavel Datsyuk in Canadiens zone.
Goals for this period are 1 for Canadiens vs 2 for Panthers.
Shots for this period are 5 for Canadiens vs 5 for Panthers.

2nd period


0:01 of 2nd period - Jonathan Toews wins face-off versus Scott Gomez in neutral zone.
0:08 of 2nd period - Shot by Jonathan Toews.
0:08 of 2nd period - Shot Misses the Net.
0:10 of 2nd period - Shot by Michal Rozsival.
0:10 of 2nd period - Stopped by Jhonas Enroth without a rebound.
0:11 of 2nd period - Pavel Datsyuk wins face-off versus Scott Gomez in Panthers zone.
0:54 of 2nd period - Shot by Pavel Datsyuk.
0:54 of 2nd period - Stopped by Jhonas Enroth without a rebound.
0:55 of 2nd period - Jonathan Toews wins face-off versus Cory Emmerton in Panthers zone.
1:21 of 2nd period - Shot by Matthew Lombardi.
1:21 of 2nd period - Shot Blocked by Cam Fowler.
2:18 of 2nd period - Patrick Dwyer is hit by Mike Weber.
2:45 of 2nd period - Niklas Kronwall is hit by Brooks Orpik.
2:51 of 2nd period - Shot by Pavel Datsyuk.
2:51 of 2nd period - Shot Misses the Net.
3:00 of 2nd period - Jordan Eberle is hit by Derek Meech and loses puck.
3:22 of 2nd period - Pavel Datsyuk is hit by Niklas Kronwall.
3:41 of 2nd period - Icing by Brooks Orpik.
3:42 of 2nd period - Pavel Datsyuk wins face-off versus Matthew Lombardi in Canadiens zone.
4:48 of 2nd period - Shot by Patrick Dwyer.
4:48 of 2nd period - Shot Misses the Net.
5:14 of 2nd period - Shot by Corey Perry.
5:14 of 2nd period - Shot Misses the Net.
5:16 of 2nd period - Shot by Jonathan Toews.
5:16 of 2nd period - Shot Misses the Net.
5:36 of 2nd period - Shot by Jordan Eberle.
5:36 of 2nd period - Deflect By Joffrey Lupul.
5:36 of 2nd period - Stopped by Jhonas Enroth without a rebound.
5:37 of 2nd period - Darren Helm wins face-off versus John Mitchell in Panthers zone.
6:24 of 2nd period - Shot by Travis Hamonic.
6:24 of 2nd period - Deflect By Dave Bolland.
6:24 of 2nd period - Goal by Dave Bolland - Canadiens : 2 - Panthers : 2.
6:25 of 2nd period - Pavel Datsyuk wins face-off versus Matthew Lombardi in neutral zone.
6:31 of 2nd period - Shot by Mike Weber.
6:31 of 2nd period - Shot Blocked by Tom Gilbert.
6:33 of 2nd period - Shot by Pavel Datsyuk.
6:33 of 2nd period - Shot Misses the Net.
6:38 of 2nd period - Pavel Datsyuk is hit by Tim Erixon and loses puck.
7:29 of 2nd period - Alexander Sulzer is hit by Mike Weber and loses puck.
7:30 of 2nd period - Minor Penalty to Mike Weber for High sticking.
7:31 of 2nd period - Eric Nystrom wins face-off versus Mike Ribeiro in Canadiens zone.
7:31 of 2nd period - Eric Nystrom is hit by Patrick Bordeleau.
7:59 of 2nd period - Shot by Tim Erixon.
7:59 of 2nd period - Shot Misses the Net.
8:01 of 2nd period - Shot by Mike Ribeiro.
8:01 of 2nd period - Shot Misses the Net.
8:29 of 2nd period - Shot by Matt Beleskey.
8:29 of 2nd period - Shot Misses the Net.
8:31 of 2nd period - Shot by Cory Emmerton.
8:31 of 2nd period - Shot Blocked by Michal Rozsival.
9:05 of 2nd period - Shot by Niklas Kronwall.
9:05 of 2nd period - Shot Blocked by Travis Hamonic.
10:00 of 2nd period - Off-side.
10:01 of 2nd period - Matthew Lombardi wins face-off versus Sven Baertschi in neutral zone.
10:03 of 2nd period - Tom Gilbert is hit by Michal Rozsival and loses puck.
10:43 of 2nd period - Icing by Tim Erixon.
10:44 of 2nd period - Matthew Lombardi wins face-off versus Jordan Eberle in Panthers zone.
10:49 of 2nd period - Pavel Datsyuk is hit by Matt Beleskey and loses puck.
11:15 of 2nd period - Shot by Scott Gomez.
11:15 of 2nd period - Shot Misses the Net.
11:17 of 2nd period - Shot by Niklas Kronwall.
11:17 of 2nd period - Stopped by Craig Anderson with a rebound.
11:19 of 2nd period - Shot by Scott Gomez.
11:19 of 2nd period - Shot Blocked by Brooks Orpik.
11:25 of 2nd period - Shot by Patrick Bordeleau.
11:25 of 2nd period - Stopped by Craig Anderson without a rebound.
11:26 of 2nd period - Dave Bolland wins face-off versus Mike Ribeiro in Canadiens zone.
11:55 of 2nd period - Shot by Cory Emmerton.
11:55 of 2nd period - Stopped by Craig Anderson with a rebound.
12:35 of 2nd period - Cam Fowler is hit by Derek Meech and loses puck.
12:38 of 2nd period - Shot by Sven Baertschi.
12:38 of 2nd period - Stopped by Jhonas Enroth without a rebound.
12:39 of 2nd period - Pavel Datsyuk wins face-off versus Scott Gomez in Panthers zone.
12:46 of 2nd period - Shot by Pavel Datsyuk.
12:46 of 2nd period - Stopped by Jhonas Enroth with a rebound.
13:42 of 2nd period - Icing by Matthew Lombardi.
13:43 of 2nd period - Matthew Lombardi wins face-off versus Jonathan Toews in Panthers zone.
14:48 of 2nd period - Minor Penalty to Eric Nystrom for Holding.
14:49 of 2nd period - Dave Bolland wins face-off versus Mike Ribeiro in Canadiens zone.
15:24 of 2nd period - Shot by David Booth.
15:24 of 2nd period - Stopped by Craig Anderson without a rebound.
15:25 of 2nd period - Jonathan Toews wins face-off versus Cory Emmerton in Canadiens zone.
15:36 of 2nd period - Brooks Orpik is hit by Matt Beleskey and loses puck.
15:41 of 2nd period - Shot by Tim Erixon.
15:41 of 2nd period - Stopped by Craig Anderson without a rebound.
15:42 of 2nd period - Mike Ribeiro wins face-off versus Jonathan Toews in Canadiens zone.
16:01 of 2nd period - Shot by Tom Gilbert.
16:01 of 2nd period - Shot Misses the Net.
16:03 of 2nd period - Shot by Tom Gilbert.
16:03 of 2nd period - Stopped by Craig Anderson without a rebound.
16:04 of 2nd period - Matt Beleskey wins face-off versus Jonathan Toews in Canadiens zone.
16:11 of 2nd period - Shot by Cory Emmerton.
16:11 of 2nd period - Stopped by Craig Anderson without a rebound.
16:12 of 2nd period - Jonathan Toews wins face-off versus Cory Emmerton in Canadiens zone.
17:05 of 2nd period - Icing by Darren Helm.
17:06 of 2nd period - Darren Helm wins face-off versus Pavel Datsyuk in Panthers zone.
17:06 of 2nd period - Darren Helm is hit by Pavel Datsyuk.
17:07 of 2nd period - Minor Penalty to Tomas Kaberle for Boarding.
17:07 of 2nd period - Minor Penalty to Jordan Eberle for Tripping.
17:08 of 2nd period - Jonathan Toews wins face-off versus Scott Gomez in Panthers zone.
17:12 of 2nd period - Corey Perry is hit by Niklas Kronwall and loses puck.
17:20 of 2nd period - Icing by Tom Gilbert.
17:21 of 2nd period - Jonathan Toews wins face-off versus David Booth in Panthers zone.
17:21 of 2nd period - Jonathan Toews is hit by Niklas Kronwall.
17:37 of 2nd period - Shot by Corey Perry.
17:37 of 2nd period - Deflect By Jonathan Toews.
17:37 of 2nd period - Shot Blocked by Tom Gilbert.
17:39 of 2nd period - Shot by Michal Rozsival.
17:39 of 2nd period - Shot Blocked by Tom Gilbert.
17:41 of 2nd period - Shot by Brooks Orpik.
17:41 of 2nd period - Stopped by Jhonas Enroth without a rebound.
17:42 of 2nd period - Jonathan Toews wins face-off versus Scott Gomez in Panthers zone.
17:51 of 2nd period - Shot by Jonathan Toews.
17:51 of 2nd period - Stopped by Jhonas Enroth without a rebound.
17:52 of 2nd period - Scott Gomez wins face-off versus Jonathan Toews in Panthers zone.
18:07 of 2nd period - Jonathan Toews is hit by David Booth and loses puck.
18:40 of 2nd period - Scott Gomez is hit by Joffrey Lupul and loses puck.
19:16 of 2nd period - Shot by Taylor Pyatt.
19:16 of 2nd period - Shot Blocked by Alexander Sulzer.
19:18 of 2nd period - Shot by Taylor Pyatt.
19:18 of 2nd period - Shot Misses the Net.
Goals for this period are 1 for Canadiens vs 0 for Panthers.
Shots for this period are 8 for Canadiens vs 7 for Panthers.

3rd period


0:01 of 3rd period - Jonathan Toews wins face-off versus Matthew Lombardi in neutral zone.
0:18 of 3rd period - Shot by Mats Zuccarello.
0:18 of 3rd period - Stopped by Craig Anderson with a rebound.
0:22 of 3rd period - Shot by Matthew Lombardi.
0:22 of 3rd period - Shot Misses the Net.
0:24 of 3rd period - Shot by Tom Gilbert.
0:24 of 3rd period - Shot Misses the Net.
0:26 of 3rd period - Shot by Matthew Lombardi.
0:26 of 3rd period - Stopped by Craig Anderson without a rebound.
0:27 of 3rd period - Scott Gomez wins face-off versus Pavel Datsyuk in Canadiens zone.
0:50 of 3rd period - Shot by Pavel Datsyuk.
0:50 of 3rd period - Shot Misses the Net.
1:31 of 3rd period - Shot by Corey Perry.
1:31 of 3rd period - Shot Misses the Net.
1:33 of 3rd period - Shot by Jonathan Toews.
1:33 of 3rd period - Stopped by Jhonas Enroth without a rebound.
1:34 of 3rd period - Mike Ribeiro wins face-off versus Dave Bolland in Panthers zone.
1:56 of 3rd period - Minor Penalty to Mike Weber for Cross-checking.
1:57 of 3rd period - Eric Nystrom wins face-off versus Cory Emmerton in Canadiens zone.
1:57 of 3rd period - Eric Nystrom is hit by Matt Beleskey.
2:04 of 3rd period - Icing by Tom Gilbert.
2:05 of 3rd period - Matt Beleskey wins face-off versus Eric Nystrom in Panthers zone.
2:05 of 3rd period - Matt Beleskey is hit by Eric Nystrom.
2:11 of 3rd period - Shot by Patrick Dwyer.
2:11 of 3rd period - Shot Misses the Net.
2:13 of 3rd period - Shot by Cory Emmerton.
2:13 of 3rd period - Stopped by Craig Anderson without a rebound.
2:14 of 3rd period - Eric Nystrom wins face-off versus Mike Ribeiro in Canadiens zone.
2:22 of 3rd period - Icing by Mike Ribeiro.
2:23 of 3rd period - Mike Ribeiro wins face-off versus Eric Nystrom in Panthers zone.
2:28 of 3rd period - Brooks Orpik is hit by Patrick Bordeleau and loses puck.
2:50 of 3rd period - Mike Ribeiro is hit by Brooks Orpik and loses puck.
3:01 of 3rd period - Shot by Derek Meech.
3:01 of 3rd period - Stopped by Craig Anderson with a rebound.
3:03 of 3rd period - Shot by Derek Meech.
3:03 of 3rd period - Stopped by Craig Anderson with a rebound.
3:31 of 3rd period - Shot by Tom Gilbert.
3:31 of 3rd period - Shot Misses the Net.
3:33 of 3rd period - Shot by Alexander Sulzer.
3:33 of 3rd period - Shot Blocked by Taylor Pyatt.
3:43 of 3rd period - Shot by Tom Gilbert.
3:43 of 3rd period - Stopped by Craig Anderson without a rebound.
3:44 of 3rd period - Mike Ribeiro wins face-off versus Eric Nystrom in Canadiens zone.
3:53 of 3rd period - Shot by Mike Ribeiro.
3:53 of 3rd period - Stopped by Craig Anderson without a rebound.
3:54 of 3rd period - Cory Emmerton wins face-off versus John Mitchell in Canadiens zone.
4:04 of 3rd period - Icing by Tomas Kaberle.
4:05 of 3rd period - Pavel Datsyuk wins face-off versus Darren Helm in Panthers zone.
4:28 of 3rd period - Shot by Damien Brunner.
4:28 of 3rd period - Shot Blocked by Brooks Orpik.
4:40 of 3rd period - Shot by Damien Brunner.
4:40 of 3rd period - Shot Misses the Net.
4:42 of 3rd period - Shot by Darren Helm.
4:42 of 3rd period - Deflect By Damien Brunner.
4:42 of 3rd period - Stopped by Craig Anderson with a rebound.
5:18 of 3rd period - Shot by Mats Zuccarello.
5:18 of 3rd period - Stopped by Craig Anderson without a rebound.
5:19 of 3rd period - Scott Gomez wins face-off versus Dave Bolland in Canadiens zone.
5:50 of 3rd period - Shot by Patrick Dwyer.
5:50 of 3rd period - Stopped by Craig Anderson without a rebound.
5:51 of 3rd period - Matthew Lombardi wins face-off versus Jonathan Toews in Canadiens zone.
5:56 of 3rd period - Shot by Mats Zuccarello.
5:56 of 3rd period - Shot Misses the Net.
5:58 of 3rd period - Shot by Matt Beleskey.
5:58 of 3rd period - Shot Blocked by Corey Perry.
6:17 of 3rd period - Shot by Matt Beleskey.
6:17 of 3rd period - Shot Misses the Net.
6:27 of 3rd period - Shot by Mats Zuccarello.
6:27 of 3rd period - Stopped by Craig Anderson without a rebound.
6:28 of 3rd period - Cory Emmerton wins face-off versus Pavel Datsyuk in Canadiens zone.
6:44 of 3rd period - Off-side.
6:45 of 3rd period - Scott Gomez wins face-off versus Dave Bolland in neutral zone.
6:45 of 3rd period - Niklas Kronwall is hit by Eric Nystrom and loses puck.
7:04 of 3rd period - Shot by Eric Nystrom.
7:04 of 3rd period - Stopped by Jhonas Enroth without a rebound.
7:05 of 3rd period - Jonathan Toews wins face-off versus Matthew Lombardi in Panthers zone.
7:14 of 3rd period - Shot by Corey Perry.
7:14 of 3rd period - Shot Blocked by Tomas Kaberle.
7:37 of 3rd period - Off-side.
7:38 of 3rd period - Scott Gomez wins face-off versus Pavel Datsyuk in neutral zone.
7:50 of 3rd period - Minor Penalty to Tim Erixon for Hooking.
7:51 of 3rd period - Scott Gomez wins face-off versus Pavel Datsyuk in Panthers zone.
7:51 of 3rd period - Scott Gomez is hit by Joffrey Lupul.
8:41 of 3rd period - Tomas Kaberle is hit by Mark Fistric and loses puck.
9:13 of 3rd period - Shot by Mark Fistric.
9:13 of 3rd period - Shot Misses the Net.
9:15 of 3rd period - Shot by Travis Hamonic.
9:15 of 3rd period - Stopped by Jhonas Enroth without a rebound.
9:16 of 3rd period - Scott Gomez wins face-off versus Joffrey Lupul in Panthers zone.
10:11 of 3rd period - Shot by Travis Hamonic.
10:11 of 3rd period - Stopped by Jhonas Enroth without a rebound.
10:12 of 3rd period - Corey Perry wins face-off versus Matthew Lombardi in Panthers zone.
10:23 of 3rd period - Shot by Jonathan Toews.
10:23 of 3rd period - Deflect By Corey Perry.
10:23 of 3rd period - Shot Misses the Net.
11:37 of 3rd period - Shot by Dave Bolland.
11:37 of 3rd period - Shot Misses the Net.
11:48 of 3rd period - Icing by Niklas Kronwall.
11:49 of 3rd period - Pavel Datsyuk wins face-off versus Scott Gomez in Panthers zone.
11:50 of 3rd period - Shot by Joffrey Lupul.
11:50 of 3rd period - Shot Misses the Net.
11:52 of 3rd period - Shot by Pavel Datsyuk.
11:52 of 3rd period - Shot Misses the Net.
11:58 of 3rd period - Shot by Joffrey Lupul.
11:58 of 3rd period - Shot Misses the Net.
12:00 of 3rd period - Shot by Jordan Eberle.
12:00 of 3rd period - Shot Hit the Post.
12:02 of 3rd period - Shot by Jordan Eberle.
12:02 of 3rd period - Stopped by Jhonas Enroth without a rebound.
12:03 of 3rd period - Mike Ribeiro wins face-off versus Sven Baertschi in Panthers zone.
12:53 of 3rd period - Michal Rozsival is hit by Tomas Kaberle and loses puck.
13:06 of 3rd period - Brooks Orpik is hit by Matt Beleskey.
13:20 of 3rd period - Shot by Mats Zuccarello.
13:20 of 3rd period - Goal by Mats Zuccarello - Canadiens : 2 - Panthers : 3.
13:21 of 3rd period - Darren Helm wins face-off versus Dave Bolland in neutral zone.
13:21 of 3rd period - Darren Helm is hit by Eric Nystrom.
13:24 of 3rd period - Niklas Kronwall is hit by Mike Weber and loses puck.
13:41 of 3rd period - Shot by Eric Nystrom.
13:41 of 3rd period - Stopped by Jhonas Enroth without a rebound.
13:42 of 3rd period - Scott Gomez wins face-off versus Joffrey Lupul in Panthers zone.
13:46 of 3rd period - Icing by Patrick Dwyer.
13:47 of 3rd period - Scott Gomez wins face-off versus Pavel Datsyuk in Panthers zone.
13:47 of 3rd period - Scott Gomez is hit by Joffrey Lupul.
13:48 of 3rd period - Minor Penalty to Pavel Datsyuk for Slashing.
13:49 of 3rd period - Mike Ribeiro wins face-off versus Eric Nystrom in Canadiens zone.
13:58 of 3rd period - Shot by Tom Gilbert.
13:58 of 3rd period - Shot Misses the Net.
14:00 of 3rd period - Shot by Mike Ribeiro.
14:00 of 3rd period - Shot Blocked by Brooks Orpik.
14:02 of 3rd period - Shot by Patrick Bordeleau.
14:02 of 3rd period - Shot Misses the Net.
14:04 of 3rd period - Shot by Mike Ribeiro.
14:04 of 3rd period - Shot Misses the Net.
14:06 of 3rd period - Shot by David Booth.
14:06 of 3rd period - Shot Misses the Net.
14:47 of 3rd period - Shot by Matt Beleskey.
14:47 of 3rd period - Stopped by Craig Anderson without a rebound.
14:48 of 3rd period - Cory Emmerton wins face-off versus Eric Nystrom in Canadiens zone.
14:57 of 3rd period - Shot by Matt Beleskey.
14:57 of 3rd period - Stopped by Craig Anderson without a rebound.
14:58 of 3rd period - Cory Emmerton wins face-off versus Eric Nystrom in Canadiens zone.
15:17 of 3rd period - Shot by Patrick Dwyer.
15:17 of 3rd period - Stopped by Craig Anderson without a rebound.
15:18 of 3rd period - Mike Ribeiro wins face-off versus Eric Nystrom in Canadiens zone.
15:21 of 3rd period - Shot by Mike Ribeiro.
15:21 of 3rd period - Shot Misses the Net.
15:23 of 3rd period - Shot by Patrick Bordeleau.
15:23 of 3rd period - Shot Misses the Net.
15:25 of 3rd period - Shot by Alexander Sulzer.
15:25 of 3rd period - Shot Misses the Net.
15:27 of 3rd period - Shot by Mike Ribeiro.
15:27 of 3rd period - The goal is going for a video replay.
15:27 of 3rd period - The goal is good.
15:27 of 3rd period - Goal by Mike Ribeiro - Canadiens : 2 - Panthers : 4.
15:28 of 3rd period - Pavel Datsyuk wins face-off versus Matthew Lombardi in neutral zone.
15:35 of 3rd period - Shot by Tim Erixon.
15:35 of 3rd period - Stopped by Craig Anderson without a rebound.
15:36 of 3rd period - Jonathan Toews wins face-off versus Matthew Lombardi in Canadiens zone.
16:21 of 3rd period - Mats Zuccarello is hit by Corey Perry and loses puck.
17:15 of 3rd period - Shot by Jordan Eberle.
17:15 of 3rd period - Shot Misses the Net.
17:19 of 3rd period - Shot by Joffrey Lupul.
17:19 of 3rd period - Shot Misses the Net.
17:21 of 3rd period - Shot by Cam Fowler.
17:21 of 3rd period - Stopped by Jhonas Enroth without a rebound.
17:22 of 3rd period - Mike Ribeiro wins face-off versus Dave Bolland in Panthers zone.
17:31 of 3rd period - Shot by Mike Ribeiro.
17:31 of 3rd period - Stopped by Craig Anderson without a rebound.
17:32 of 3rd period - Dave Bolland wins face-off versus Darren Helm in Canadiens zone.
17:41 of 3rd period - Shot by Mike Weber.
17:41 of 3rd period - Shot Misses the Net.
19:13 of 3rd period - Icing by Tom Gilbert.
19:14 of 3rd period - Matthew Lombardi wins face-off versus Jonathan Toews in Panthers zone.
19:36 of 3rd period - Shot by Matthew Lombardi.
19:36 of 3rd period - Stopped by Craig Anderson without a rebound.
19:37 of 3rd period - Dave Bolland wins face-off versus Scott Gomez in Canadiens zone.
19:52 of 3rd period - Shot by Mason Raymond.
19:52 of 3rd period - Stopped by Jhonas Enroth without a rebound.
19:53 of 3rd period - Jonathan Toews wins face-off versus Mike Ribeiro in Panthers zone.
Goals for this period are 0 for Canadiens vs 2 for Panthers.
Shots for this period are 8 for Canadiens vs 19 for Panthers.


Output by the SimonT Hockey Simulator (STHS) for Stephane Roy -- Original Page W3C XHTML 1.0 Valid
Hockey Simulator - Hockey Simulation - Hockey Manager